 Dungeon Crawl Stone Soup version 0.25.0-9-g26727b657a (webtiles) character file.

Game seed: 5512961598800243201

474 Exodus22XD the Poker (level 6, -6/47 HPs)
             Began as a Demonspawn Gladiator on June 21, 2020.
             Mangled by an ogre
             ... wielding a +0 giant club
              (18 damage)
             ... on level 4 of the Dungeon.
             The game lasted 00:04:44 (4380 turns).

Exodus22XD the Poker (Demonspawn Gladiator)         Turns: 4380, Time: 00:04:46

Health: -6/47      AC:  8    Str: 16    XL:     6   Next: 84%
Magic:  0/6        EV: 14    Int:  9    God:
Gold:   213        SH:  0    Dex: 15    Spells: 5/5 levels left

rFire    . . .     SeeInvis .   a - +0 trident
rCold    . . .     Gourm    .   (no shield)
rNeg     . . .     Faith    .   q - +0 scale mail (curse)
rPois    .         Spirit   +   c - +0 helmet
rElec    .         Reflect  .   j - +0 cloak
rCorr    .         Harm     .   (no gloves)
MR       .....                  (no boots)
Stlth    ..........             m - amulet of magic regeneration
HPRegen  0.15/turn              (no ring)
MPRegen  0.35/turn              (no ring)

@: no status effects
A: repulsion field 2, powered by pain 1, magic shield
a: no special abilities


You were on level 4 of the Dungeon.
You were hungry.

You visited 1 branch of the dungeon, and saw 4 of its levels.

You collected 213 gold pieces.

Inventory:

Hand Weapons
 a - a +0 trident (weapon)
Missiles
 d - 3 throwing nets (quivered)
Armour
 c - a +0 helmet (worn)
 j - a +0 cloak (worn)
 q - a cursed +0 scale mail (worn)
Jewellery
 m - an amulet of magic regeneration (around neck)
Scrolls
 h - a scroll of fear {unknown}
 i - a scroll of teleportation {unknown}
 k - a scroll of random uselessness {unknown}
 l - a scroll of enchant weapon {unknown}
 n - 2 scrolls of identify {unknown}
 o - a scroll of magic mapping {unknown}
 p - a scroll of blinking {unknown}
 r - a scroll of immolation {unknown}
 t - a scroll of remove curse {unknown}
 u - 3 scrolls of fog {unknown}
Potions
 e - 2 potions of curing
 g - a potion of lignification {unknown}
 s - a potion of heal wounds {unknown}
Comestibles
 b - 9 chunks of flesh
 f - 2 rations


   Skills:
 + Level 3.4 Fighting
 + Level 5.0 Polearms
 - Level 1.7 Throwing
 + Level 2.6 Armour
 + Level 3.8 Dodging
 + Level 1.1 Stealth


You had 5 spell levels left.
You didn't know any spells.
Your spell library was empty.

Dungeon Overview and Level Annotations

Branches:
Dungeon (4/15)
 Temple: D:4-7

Altars:
Cheibriados
Fedhas


Innate Abilities, Weirdness & Mutations

You are surrounded by a moderate repulsion field. (EV +3)
You sometimes gain a little power by taking damage.
When hurt, damage is shared between your health and your magic reserves.


Message History

* * * LOW HITPOINT WARNING * * *
It was a potion of curing.
You feel better.
You barely miss the ogre.
The ogre is heavily wounded.
The ogre hits you with a +0 giant club!
* * * LOW HITPOINT WARNING * * *
You barely miss the ogre.
The ogre is heavily wounded.
The ogre hits you with a +0 giant club.
* * * LOW HITPOINT WARNING * * *
You feel better.
You are feeling hungry.
The ogre hits you but does no damage.
Attack whom?
Press: ? - help, Dir - move target cursor, f/p - ogre
Aim: an ogre, wielding a +0 giant club (heavily wounded)
You reach to attack!
You hit the ogre.
The ogre is severely wounded.
The ogre hits you with a +0 giant club!!
You die...

######## #.#
.......# #.#
.......# #.#
.......# #.#
.......# #.#
.......# #.#
.......# #.#
.......##########.#
.......'....h.hO@.#
.......############
.......# .###+###
.# .# .# .#


You could see an ogre and 2 jackals.

Vanquished Creatures
  A hungry ghost (D:3)
  A howler monkey (D:4)
  3 orc wizards (D:4)
  A worker ant (D:4)
  4 adders
  7 gnolls
  A shadow imp (D:3)
  3 worms
  2 dart slugs
  3 leopard geckos
  5 orcs
  3 goblins
  7 hobgoblins
  4 jackals (D:1)
  6 kobolds
  6 bats
  8 frilled lizards
  6 rats
71 creatures vanquished.

Notes
Turn   | Place    | Note
-------+----------+-------------------------------------------
     0 | D:1      | Exodus22XD the Demonspawn Gladiator began the quest for the
                  | Orb.
     0 | D:1      | Reached XP level 1. HP: 16/16 MP: 1/1
   198 | D:1      | Gained mutation: You are surrounded by a mild repulsion
                  | field. (EV +2) [demonic ancestry]
   198 | D:1      | Reached XP level 2. HP: 22/22 MP: 2/2
   243 | D:1      | Reached skill level 3 in Polearms
   950 | D:2      | Gained mutation: You sometimes gain a little power by
                  | taking damage. [demonic ancestry]
   950 | D:2      | Reached XP level 3. HP: 27/27 MP: 3/3
  1709 | D:2      | Found a blossoming altar of Fedhas.
  2067 | D:3      | Noticed a hungry ghost
  2131 | D:3      | Killed a hungry ghost
  2131 | D:3      | Reached skill level 4 in Polearms
  2131 | D:3      | Gained mutation: When hurt, damage is shared between your
                  | health and your magic reserves. [demonic ancestry]
  2131 | D:3      | Reached XP level 4. HP: 18/34 MP: 4/4
  2131 | D:3      | Reached XP level 5. HP: 21/39 MP: 5/5
  2290 | D:3      | HP: 2/40 [gnoll/+0 flail (8)]
  2607 | D:3      | Reached skill level 1 in Stealth
  2794 | D:3      | Found a snail-covered altar of Cheibriados.
  3241 | D:3      | Gained mutation: You are surrounded by a moderate repulsion
                  | field. (EV +3) [demonic ancestry]
  3241 | D:3      | Reached XP level 6. HP: 46/47 MP: 6/6
  4316 | D:4      | Reached skill level 5 in Polearms
  4380 | D:4      | Mangled by an ogre

Illustrated notes

Levels and vault maps discovered:
D:1:      saegor_arrival_simple_c, layout_loops_ring, minmay_close_crescents
D:2:      layout_loops_corners, fedhas_altar_4, first_ration
D:3:      layout_basic, old_standard_altar
D:4:      layout_basic, grunt_gozag_statues

Skill      XL: |  1  2  3  4  5  6 |
---------------+-------------------+-----
Dodging        | 3 |  3.8
Polearms       | 3 4 5 |  5.0
Armour         | 2 |  2.6
Fighting       | 3 |  3.4
Stealth        | 1 |  1.1
Throwing       | |  1.7

Action                   |  1- 3 |  4- 6 || total
-------------------------+-------+-------++-------
Melee: Trident           |   197 |   176 ||   373
  Use: Potion            |       |     2 ||     2
  Eat: Chunk             |     5 |     7 ||    12
       Ration            |     4 |       ||     4
Armor: Leather armour    |    16 |       ||    16
       Ring mail         |    50 |    12 ||    62
       Scale mail        |       |    19 ||    19
Dodge: Dodged            |   139 |    93 ||   232
